 Dungeon Sprint DCSS version 0.17-a0-1550-g78a4890 (webtiles) character file.

13580 OdinFK the Warrior (level 11, -5/97 HPs)
             Began as a Minotaur Berserker on July 19, 2015.
             Was the Champion of Trog.
             Slain by a lorocyproca (27 damage)
             ... in the Dungeon (Sprint I: "Red Sonja").
             The game lasted 00:18:06 (3023 turns).

OdinFK the Warrior (Minotaur Berserker)             Turns: 3023, Time: 00:18:06

Health: -5/97      AC: 21    Str: 26    XL:     11   Next: 77%
Magic:  0/8        EV: 13    Int:  0    God:    Trog [******]
Gold:   1093       SH:  0    Dex:  9    Spells: 0 memorised, 10 levels left

rFire  . . .     SeeInvis .     k - +2 dagger (venom)
rCold  + . .     Clarity  .     m - +3 chain mail {rC+}
rNeg   . . .     SustAt   +     (no shield)
rPois  .         Gourm    .     (helmet restricted)
rElec  .         Spirit   .     v - +2 cloak {MR+}
rCorr  .         Warding  .     o - +0 pair of gloves
rMut   .         NoTele   +     a - +1 pair of boots
MR     ++...                    (no amulet)
Stlth  ..........               u - ring of protection from magic
                                c - ring of sustain attributes

@: confused, slowed, lost intelligence, very slow, very resistant to hostile
enchantments, extremely unstealthy
A: retaliatory headbutt, horns 2, blurry vision 1, deformed body, deterioration
2, dopey 2, frail 2, low mp 1, screaming 1, shaggy fur 1, subdued magic 2
a: Burn Spellbooks, Berserk, Trog's Hand, Brothers in Arms, Renounce Religion


You were in the Dungeon.
You worshipped Trog.
Trog was exalted by your worship.
You were not hungry.

You visited 1 branch You collected 1845 gold pieces.
You spent 752 gold pieces at shops.

Inventory:

Hand weapons
 k - a +2 dagger of venom (weapon)
 r - the +10 long sword "Dokivon" {slice, rElec}
   (Trog gifted it to you in the Dungeon)

   It inflicts extra damage upon your enemies.
   It insulates you from electricity.
 s - a +4 scimitar of holy wrath
Armour
 a - a +1 pair of boots (worn)
 m - a +3 chain mail of cold resistance (worn)
 n - a +3 scale mail of fire resistance
 o - a +0 pair of gloves (worn)
 v - a +2 cloak of magic resistance (worn)
Jewellery
 c - a ring of sustain attributes (left hand)
 u - a ring of protection from magic (right hand)
Scrolls
 i - a scroll of blinking
 j - 3 scrolls of identify {unknown}
 p - a scroll of immolation {unknown}
 q - a scroll of remove curse {unknown}
Potions
 d - 4 potions of curing
 e - a potion of heal wounds
 f - a potion of haste
 g - 2 potions of magic
 h - a potion of berserk rage


   Skills:
 + Level 19.1 Fighting
 + Level 9.8(13.8) Short Blades
 + Level 16.9(17.9) Long Blades
 + Level 15.7 Armour
 + Level 12.1 Dodging
 + Level 3.2 Stealth


You had 10 spell levels left.
You didn't know any spells.

Dungeon Overview and Level Annotations

Branches:
Dungeon (1/1)

Altars:
Cheibriados
Dithmenos
Elyvilon
Fedhas
Gozag
Kikubaaqudgha
Makhleb
Nemelex Xobeh
Okawaru
Qazlal
Ru
Sif Muna
Trog
Vehumet
Xom
Yredelemnul
Zin
The Shining One
Jiyva

Shops:
D (%[[!(:*(*(=?}([[*([}

Annotations:
D Norris


Innate Abilities, Weirdness & Mutations

You reflexively headbutt those who attack you in melee.
You have a pair of horns on your head.
Scrolls take you a little longer to read.
Armour fits poorly on your strangely shaped body.
Your body often deteriorates upon taking damage.
You are very dopey. (Int -4)
You are very frail (-20% HP).
Your magical capacity is low (-10% MP).
You occasionally shout uncontrollably at your foes.
You are covered in fur (AC +1).
Your spells are easier to cast, but less powerful.


Message History

Found 162 gold pieces.
You found an arrow trap!
You are engulfed in noxious fumes.
There is an open door here.
Something hits you but does no damage.
Deactivating autopickup; reactivate with Ctrl-A.
Something hits you!!
You feel your power leaking away.
There is an open door here.
Really walk into that cloud of noxious fumes?
Okay, then.
Norris calls down the wrath of his god upon you.
Something tries to feed on your intellect!
Something hits you!!
* * * LOW HITPOINT WARNING * * *
You are engulfed in noxious fumes.
* * * LOW HITPOINT WARNING * * *
You are engulfed in noxious fumes.
You choke on the stench!
You are confused.
Something hits you!!
You die...

#################################
.'..#__#..)...#(.#.§§§§§§§§§§'..#
.#..'^.'..#...##'#§####.§§§.##..'
###'#__####...)..#.# ##§§§######
..#.####..#####..'§#+#$###'#
.##.#(§§.§#§.##'####..$#@#.#
'#..'§≈§§.§§.#..§..#..$###..###$#
..._#§§≈§)#§.#.^.§.'..$$$##.#A#$#
_.#'##'#####'###@§§#^....# .###$#
#(#.#(())###.'.#§§§###++## ##..$#
#)####'###.###.#§§## +###
...)÷....'.∩##.#§.#
...###########.##+#
#.###.......##.# #'#.#......†.§§#
....#'''######§# (...#..†.....#.#


There were no monsters in sight!

Vanquished Creatures
  A hydra (D)
  2 centaur warriors (D)
  Sonja (D)
  A deep troll (D)
  2 unseen horrors (D)
  An oklob plant (D)
  A lindwurm (D)
  8 shining eyes (D)
  A gargoyle (D)
  4 demonic crawlers (D)
  2 kobold demonologists (D)
  A slime creature (D)
  Sigmund (D)
  A yak (D)
  4 trapdoor spiders (D)
  13 hogs (D)
  A wasp (D)
  7 necrophages (D)
  An ogre (D)
  Ijyb (D)
  8 jellies (D)
  7 giant eyeballs (D)
  4 ballistomycetes (D)
73 creatures vanquished.

Vanquished Creatures (others)
  A gargoyle (D)
  2 giant spores (D)
3 creatures vanquished.

Grand Total: 76 creatures vanquished

Notes
Turn   | Place    | Note
--------------------------------------------------------------
     0 | D        | OdinFK the Minotaur Berserker began the quest for the Orb.
     0 | D        | Reached XP level 1. HP: 19/19 MP: 0/0
     1 | D        | Noticed Ijyb
     8 | D        | Killed Ijyb
     8 | D        | Reached skill level 5 in Fighting
     8 | D        | Reached skill level 5 in Long Blades
     8 | D        | Reached XP level 2. HP: 29/29 MP: 1/1
   155 | D        | Noticed an ogre
   158 | D        | Killed an ogre
   158 | D        | Reached skill level 7 in Fighting
   158 | D        | Reached XP level 3. HP: 13/40 MP: 2/2
   158 | D        | Reached XP level 4. HP: 15/48 MP: 3/3
   381 | D        | Noticed Sigmund
   390 | D        | Killed Sigmund
   390 | D        | Acquired Trog's second power
   390 | D        | Reached skill level 9 in Fighting
   390 | D        | Reached skill level 10 in Long Blades
   390 | D        | Reached skill level 5 in Armour
   390 | D        | Reached skill level 5 in Dodging
   390 | D        | Reached XP level 5. HP: 47/58 MP: 4/4
   390 | D        | Reached XP level 6. HP: 53/66 MP: 5/5
   444 | D        | Found a deep blue altar of Sif Muna.
   445 | D        | Noticed a jelly
   446 | D        | Found a radiant altar of Vehumet.
   449 | D        | Killed a jelly
   449 | D        | Reached skill level 10 in Fighting
   473 | D        | Found Pinitiot's Antique Armour Emporium.
   473 | D        | Found a white marble altar of Elyvilon.
   473 | D        | Found a stormy altar of Qazlal.
   473 | D        | Found a basalt altar of Yredelemnul.
   473 | D        | Found an iron altar of Okawaru.
   473 | D        | Found a sparkling altar of Nemelex Xobeh.
   473 | D        | Found a shimmering altar of Xom.
   473 | D        | Found an ancient bone altar of Kikubaaqudgha.
   473 | D        | Noticed a yak
   479 | D        | Killed a yak
   479 | D        | Reached skill level 11 in Fighting
   480 | D        | Found a burning altar of Makhleb.
   480 | D        | Found a sacrificial altar of Ru.
   480 | D        | Found a glowing golden altar of the Shining One.
   480 | D        | Found an opulent altar of Gozag.
   480 | D        | Found a glowing silver altar of Zin.
   486 | D        | Found a bloodstained altar of Trog.
   490 | D        | Bought a glowing leather armour for 42 gold pieces
   490 | D        | Bought a glowing chain mail for 94 gold pieces
   490 | D        | Bought a shiny scale mail for 84 gold pieces
   530 | D        | Found a viscous altar of Jiyva.
   530 | D        | Found a blossoming altar of Fedhas.
   530 | D        | Noticed a slime creature
   531 | D        | Found a snail-covered altar of Cheibriados.
   531 | D        | Found a shadowy altar of Dithmenos.
   546 | D        | Killed a slime creature
   546 | D        | Reached skill level 12 in Fighting
   546 | D        | Reached XP level 7. HP: 44/77 MP: 6/6
   706 | D        | Noticed a kobold demonologist
   707 | D        | Noticed a kobold demonologist
   707 | D        | Paralysed by a giant eyeball for 4 turns
   709 | D        | Noticed an orange demon
   712 | D        | Noticed a sixfirhy
   714 | D        | Noticed a blue devil
   717 | D        | Killed a kobold demonologist
   717 | D        | Reached skill level 1 in Short Blades
   717 | D        | Killed a sixfirhy
   723 | D        | Killed a kobold demonologist
   723 | D        | Acquired Trog's third power
   723 | D        | Reached skill level 13 in Fighting
   723 | D        | Reached skill level 1 in Stealth
   723 | D        | Reached XP level 8. HP: 86/86 MP: 7/7
   762 | D        | Noticed a demonic crawler
   762 | D        | Noticed a demonic crawler
   762 | D        | Noticed a demonic crawler
   762 | D        | Noticed a demonic crawler
   769 | D        | Killed a demonic crawler
   774 | D        | Killed a demonic crawler
   774 | D        | Reached skill level 14 in Fighting
   783 | D        | Killed a demonic crawler
   791 | D        | Killed a demonic crawler
   791 | D        | Reached XP level 9. HP: 72/96 MP: 8/8
   973 | D        | Noticed a centaur warrior
   973 | D        | Noticed a centaur warrior
   986 | D        | Noticed Sonja
   992 | D        | Killed Sonja
   992 | D        | Reached skill level 15 in Fighting
   992 | D        | Reached skill level 10 in Armour
  1034 | D        | Found Raemunit's Antique Weapon Boutique.
  1050 | D        | Noticed a shining eye
  1050 | D        | Noticed a shining eye
  1050 | D        | Noticed a shining eye
  1050 | D        | Gained mutation: You tend to lose your temper in combat. [a shining eye]
  1050 | D        | Gained mutation: You are covered in fur (AC +1). [a shining eye]
  1063 | D        | Gained mutation: You are dopey. (Int -2) [a shining eye]
  1064 | D        | Paralysed by a giant eyeball for 2 turns
  1065 | D        | Gained mutation: Your spells are a little easier to cast, but a little less powerful. [a shining eye]
  1073 | D        | Killed a shining eye
  1074 | D        | Lost intelligence.
  1074 | D        | Gained mutation: You are very dopey. (Int -4) [a shining eye]
  1084 | D        | Lost mutation: You tend to lose your temper in combat. [a shining eye]
  1086 | D        | Gained mutation: You occasionally shout uncontrollably at your foes. [a shining eye]
  1086 | D        | Paralysed by a giant eyeball for 4 turns
  1088 | D        | Killed a shining eye
  1088 | D        | Reached skill level 16 in Fighting
  1088 | D        | Reached skill level 5 in Short Blades
  1093 | D        | Paralysed by a giant eyeball for 3 turns
  1100 | D        | Paralysed by a giant eyeball for 4 turns
  1107 | D        | Paralysed by a giant eyeball for 4 turns
  1116 | D        | Noticed a shining eye
  1116 | D        | Noticed a shining eye
  1116 | D        | Noticed a shining eye
  1122 | D        | Gained mutation: Armour fits poorly on your strangely shaped body. [a shining eye]
  1126 | D        | Gained mutation: Scrolls take you a little longer to read. [a shining eye]
  1127 | D        | Killed a shining eye
  1127 | D        | Reached XP level 10. HP: 107/107 MP: 9/9
  1132 | D        | Gained mutation: Your body sometimes deteriorates upon taking damage. [a shining eye]
  1137 | D        | Killed a shining eye
  1137 | D        | Reached skill level 15 in Long Blades
  1141 | D        | Killed a shining eye
  1143 | D        | Gained mutation: You are frail (-10% HP). [a shining eye]
  1144 | D        | Gained mutation: Your magical capacity is low (-10% MP). [a shining eye]
  1156 | D        | Gained mutation: Your spells are easier to cast, but less powerful. [a shining eye]
  1162 | D        | Killed a shining eye
  1162 | D        | Reached skill level 17 in Fighting
  1165 | D        | Noticed a shining eye
  1165 | D        | Noticed a shining eye
  1165 | D        | Gained mutation: You are very frail (-20% HP). [a shining eye]
  1165 | D        | Paralysed by a giant eyeball for 2 turns
  1173 | D        | Gained mutation: Your body often deteriorates upon taking damage. [a shining eye]
  1173 | D        | Paralysed by a giant eyeball for 3 turns
  1183 | D        | Killed a shining eye
  1191 | D        | Killed a shining eye
  1191 | D        | Received a gift from Trog
  1192 | D        | Paralysed by a giant eyeball for 3 turns
  1207 | D        | Found Qanufam's Food Shoppe.
  1207 | D        | Found Roekhligo's Antique Armour Emporium.
  1208 | D        | Found Exijoemi's Distillery.
  1208 | D        | Found Jefiup's Antique Weapon Boutique.
  1220 | D        | Bought a pair of gloves for 99 gold pieces
  1227 | D        | Bought a beef jerky for 21 gold pieces
  1227 | D        | Bought a beef jerky for 21 gold pieces
  1241 | D        | Bought a bread ration for 70 gold pieces
  1261 | D        | Killed a gargoyle
  1275 | D        | Killed a centaur warrior
  1275 | D        | Reached skill level 10 in Dodging
  1284 | D        | Killed a centaur warrior
  1445 | D        | Noticed a wasp
  1451 | D        | Killed a wasp
  1464 | D        | Noticed an oklob plant
  1483 | D        | Killed an oklob plant
  1483 | D        | Reached skill level 18 in Fighting
  1649 | D        | Noticed a trapdoor spider
  1649 | D        | Noticed a trapdoor spider
  1651 | D        | Noticed a trapdoor spider
  1655 | D        | Killed a trapdoor spider
  1659 | D        | Killed a trapdoor spider
  1659 | D        | Received a gift from Trog
  1659 | D        | Reached XP level 11. HP: 95/95 MP: 8/8
  1664 | D        | Killed a trapdoor spider
  1682 | D        | Got a smoking long sword {god gift}
  1683 | D        | Identified the +10 long sword "Dokivon" {slice, rElec} (Trog gifted it to you in the Dungeon)
  1708 | D        | Noticed a trapdoor spider
  1716 | D        | Killed an unseen horror
  1719 | D        | Killed a trapdoor spider
  1722 | D        | Killed an unseen horror
  1887 | D        | Noticed a jelly
  1887 | D        | Noticed a jelly
  1887 | D        | Noticed a jelly
  1887 | D        | Noticed a jelly
  1887 | D        | Noticed a jelly
  1887 | D        | Noticed a jelly
  1887 | D        | Noticed a necrophage
  1887 | D        | Noticed a necrophage
  1888 | D        | Noticed a jelly
  1888 | D        | Noticed a necrophage
  1893 | D        | Killed a jelly
  1894 | D        | Killed a jelly
  1894 | D        | Received a gift from Trog
  1895 | D        | Killed a jelly
  1896 | D        | Killed a jelly
  1898 | D        | Killed a jelly
  1899 | D        | Killed a jelly
  1900 | D        | Killed a jelly
  1902 | D        | Killed a necrophage
  1908 | D        | Paralysed by a giant eyeball for 2 turns
  1912 | D        | Killed a necrophage
  1914 | D        | Killed a necrophage
  1915 | D        | Noticed a necrophage
  1915 | D        | Noticed a necrophage
  1920 | D        | Killed a necrophage
  1922 | D        | Killed a necrophage
  1923 | D        | Noticed a necrophage
  1924 | D        | Noticed a necrophage
  1926 | D        | Killed a necrophage
  1928 | D        | Killed a necrophage
  1947 | D        | Found Hanud's General Store.
  1947 | D        | Found Nafim's Book Shop.
  1947 | D        | Found Xokaschoz's Weapon Boutique.
  1949 | D        | Found Winuit's General Store.
  1949 | D        | Found Liessi's Antique Weapon Shop.
  1949 | D        | Found Vachar Hoebb's Jewellery Shoppe.
  1949 | D        | Found Yroypp's Magic Scroll Boutique.
  1949 | D        | Found Onica's Gadget Emporium.
  1949 | D        | Found Oczyosiq's Antique Weapon Shop.
  1949 | D        | Found Ackimic's Antique Armour Shoppe.
  1952 | D        | Found Amamyaru's Armour Boutique.
  1955 | D        | Found Gogocsaewe's Antique Weapon Emporium.
  1955 | D        | Found Wuskuw's General Store.
  1956 | D        | Found Wyqagaike's Gadget Emporium.
  1961 | D        | Bought a cloak for 85 gold pieces
  2107 | D        | Noticed a deep troll
  2116 | D        | Killed a deep troll
  2116 | D        | Received a gift from Trog
  2128 | D        | Found Hodog's Armour Emporium.
  2133 | D        | Bought a +2 cloak of magic resistance for 236 gold pieces
  2267 | D        | Noticed a gargoyle
  2277 | D        | Killed a gargoyle
  2484 | D        | Noticed a lindwurm
  2490 | D        | Killed a lindwurm
  2522 | D        | Noticed a hog
  2522 | D        | Noticed a hog
  2522 | D        | Noticed a hog
  2522 | D        | Noticed a hog
  2522 | D        | Noticed a hog
  2522 | D        | Noticed a hog
  2522 | D        | Noticed a hog
  2522 | D        | Noticed a hog
  2522 | D        | Noticed a hog
  2522 | D        | Noticed a hog
  2522 | D        | Noticed a hog
  2522 | D        | Noticed a hog
  2524 | D        | Killed a hog
  2526 | D        | Killed a hog
  2526 | D        | Reached skill level 15 in Armour
  2528 | D        | Killed a hog
  2529 | D        | Noticed a hog
  2529 | D        | Killed a hog
  2529 | D        | Received a gift from Trog
  2530 | D        | Killed a hog
  2533 | D        | Killed a hog
  2536 | D        | Killed a hog
  2538 | D        | Killed a hog
  2539 | D        | Killed a hog
  2542 | D        | Killed a hog
  2542 | D        | Received a gift from Trog
  2542 | D        | Reached skill level 19 in Fighting
  2544 | D        | Killed a hog
  2546 | D        | Killed a hog
  2558 | D        | Killed a hog
  2579 | D        | Noticed a 12-headed hydra
  2590 | D        | Killed a 12-headed hydra
  2591 | D        | Paralysed by a giant eyeball for 3 turns
  2989 | D        | Noticed a daeva
  3017 | D        | Noticed Norris
  3023 | D        | Slain by a lorocyproca

Vault maps used:
D:        dungeon_sprint_1

Action                   |  1- 3 |  4- 6 |  7- 9 | 10-12 || total
-------------------------+-------+-------+-------+-------++-------
Melee: Falchion          |     6 |       |       |       ||     6
       Dagger            |     1 |    22 |    83 |   105 ||   211
       Long sword        |       |       |       |    79 ||    79
Invok: Berserk           |     2 |     2 |     3 |     8 ||    15
  Eat: Chunk             |       |     2 |       |     4 ||     6
       Bread ration      |       |       |     1 |     1 ||     2
       Meat ration       |       |       |       |     2 ||     2
       Beef jerky        |       |       |       |     2 ||     2
